 Dungeon Crawl Stone Soup version 0.22-a0-274-gf8199ec (webtiles) character file.

61 Vesto the Skirmisher (level 4, 0/29 HPs)
             Began as a Gargoyle Fighter on Mar 14, 2018.
             Killed by divine providence
             ... invoked by an orc priest
              (15 damage)
             ... on level 3 of the Dungeon.
             The game lasted 00:01:28 (755 turns).

Vesto the Skirmisher (Gargoyle Fighter)              Turns: 755, Time: 00:01:29

Health: 0/29       AC: 10    Str: 19    XL:     4   Next: 7%
Magic:  5/5        EV:  7    Int: 10    God:
Gold:   14         SH:  9    Dex:  9    Spells: 5/5 levels left

rFire    . . .     SeeInvis .   a - +0 flail
rCold    + . .     Gourm    .   c - +0 shield
rNeg     + . .     Faith    .   b - +0 scale mail
rPois    ∞         Spirit   .   (no helmet)
rElec    +         Reflect  .   (no cloak)
rCorr    .         Harm     .   (no gloves)
MR       .....                  (no boots)
Stlth    ..........             (no amulet)
HPRegen  0.09/turn              h - ring of protection from cold
MPRegen  0.09/turn              (no ring)

@: no status effects
A: negative energy resistance 1, electricity resistance, unbreathing,
petrification resistance, rot immunity, AC +3
a: no special abilities


You were on level 3 of the Dungeon.
You were not hungry.

You visited 1 branch of the dungeon, and saw 3 of its levels.

You collected 14 gold pieces.

Inventory:

Hand Weapons
 a - a +0 flail (weapon)
Armour
 b - a +0 scale mail (worn)
 c - a +0 shield (worn)
Jewellery
 h - a ring of protection from cold (left hand)
Wands
 e - a wand of disintegration (10)
Scrolls
 j - a scroll of blinking {unknown}
Potions
 d - a potion of might
 i - a potion of curing {unknown}
Comestibles
 f - 3 rations


   Skills:
 * Level 3.7 Fighting
 * Level 2.6 Maces & Flails
 + Level 0.7 Throwing
 + Level 3.5 Armour
 + Level 0.5 Dodging
 + Level 3.4 Shields
 * Level 1.2 Spellcasting


You had 5 spell levels left.
You didn't know any spells.

Dungeon Overview and Level Annotations

Branches:
Dungeon (3/15)

Altars:
Dithmenos
Gozag


Innate Abilities, Weirdness & Mutations

You are resistant to torment.
Your stone body is resilient. (AC +3)
You are immune to poison.
You resist negative energy. (rN+)
You are resistant to electric shocks. (rElec)
You can survive without breathing.
You are immune to petrification.
You are immune to rotting.


Message History

The orc priest barely misses you.
You completely miss the orc priest.
The orc priest is heavily wounded.
The orc priest hits you with a falchion.
You hit the orc priest but do no damage.
The orc priest is heavily wounded.
You block the orc priest's attack.
The orc priest casts a cantrip, but nothing happens.
You hit the orc priest but do no damage.
The orc priest is heavily wounded.
The orc priest hits you but does no damage.
You hit the orc priest but do no damage.
The orc priest is heavily wounded.
You block the orc priest's attack.
You hit the orc priest but do no damage.
The orc priest is heavily wounded.
The orc priest mumbles some strange prayers to Beogh against you.
Beogh smites you!
Ouch! That really hurt!
You die...

#.# #.# #.# #.# #.# #.#
#.###############+##
#####>.......%..@o......
......##############....
#####.# . #.########
#.........
#####.######## ......#
####### # ## ### . .# ..


You could see an orc priest.

Vanquished Creatures
  2 adders
  A shadow imp (D:3)
  2 dart slugs
  7 orcs (D:3)
  2 giant cockroaches (D:1)
  3 goblins
  3 hobgoblins
  2 kobolds
  2 rats
24 creatures vanquished.

Vanquished Creatures (others)
  A bat (D:2)
1 creature vanquished.

Grand Total: 25 creatures vanquished

Notes
Turn   | Place    | Note
-------+----------+-------------------------------------------
     0 | D:1      | Vesto the Gargoyle Fighter began the quest for the Orb.
     0 | D:1      | Reached XP level 1. HP: 14/14 MP: 1/1
    45 | D:1      | Reached XP level 2. HP: 19/19 MP: 2/2
   118 | D:3      | Reached XP level 3. HP: 14/23 MP: 4/4
   125 | D:3      | Reached skill level 1 in Spellcasting
   249 | D:3      | Found a shadowy altar of Dithmenos.
   251 | D:3      | Found an opulent altar of Gozag.
   585 | D:2      | Reached XP level 4. HP: 24/29 MP: 5/5
   755 | D:3      | Killed from afar by an orc priest

Vault maps used:
D:1:      dpeg_arrival_prison
D:2:      chequers_ecumenical_altar_island, first_ration
D:3:      minmay_wonky_spiral, lemuel_doored_altar, grunt_temple_overflow_open,
          uniq_natasha

Skill      XL: |  1  2  3 |
---------------+----------+-----
Spellcasting   | 1 |  1.2
Fighting       | |  3.7
Maces & Flails | |  2.6
Throwing       | |  0.7
Armour         | |  3.5
Dodging        | |  0.5
Shields        | |  3.4

Action                   |  1- 3 |  4- 6 || total
-------------------------+-------+-------++-------
Melee: Flail             |    86 |    21 ||   107
Armor: Scale mail        |    73 |     7 ||    80
Dodge: Dodged            |    53 |     5 ||    58
Block: Shield            |    50 |     5 ||    55

Table legend:
 A = Spawn XP
 B = Non-spawn XP
 C = Spawn XP percentage of total XP
 D = Spawn monster count
 E = Non-spawn monster count
 F = Spawn count percentage of total count
 G = Total turns spent on level
                    A         B        C        D         E        F      G
               +---------+---------+-------+---------+---------+-------+---------
         Total |       0 |      88 |   0.0 |       0 |      24 |   0.0 |   755
               +---------+---------+-------+---------+---------+-------+---------
           D:1 |       0 |      11 |   0.0 |       0 |       5 |   0.0 |    52
           D:2 |       0 |      26 |   0.0 |       0 |       7 |   0.0 |   174
           D:3 |       0 |      51 |   0.0 |       0 |      12 |   0.0 |   529
               +---------+---------+-------+---------+---------+-------+---------
